TOP OF THE 1ST |
Pittsburgh Pirates batting - Pitching for Chicago White Sox : RHP Adam Ratcliff
|
Pitching: RHP Adam Ratcliff
|
|
Batting: LHB Micah Boshnjaku
|
0-0: Ball 1-0: Ball 2-0: Foul Ball, location: 2F 2-1: Ball 3-1: Called Strike 3-2: Strikes out swinging
|
Batting: RHB Raul Mendoza
|
0-0: SINGLE (Line Drive, 5L, EV 100.0 MPH)
|
Batting: RHB Mike Bates
|
0-0: Ball 1-0: Ball 2-0: Foul Ball, location: 2F 2-1: Swinging Strike 2-2: Foul Ball, location: 2F 2-2: Ball 3-2: Strikes out looking
|
Batting: RHB David Contreras
|
0-0: Foul Ball, location: 2F 0-1: Fly out, F8 (Line Drive, 8RD, EV 92.5 MPH)
|
Top of the 1st over - 0 runs, 1 hit, 0 errors, 1 left on base; Pittsburgh 0 - Chicago 0 |
BOTTOM OF THE 1ST |
Chicago White Sox batting - Pitching for Pittsburgh Pirates : LHP Felix Bernal
|
Pitching: LHP Felix Bernal
|
|
Batting: RHB Steve Castleberry
|
0-0: Ball 1-0: Ball 2-0: Ball 3-0: Called Strike 3-1: Foul Ball, location: 2F 3-2: Strikes out looking
|
Batting: RHB Dieter Knoops
|
0-0: Ball 1-0: Ground out 6-3 (Groundball, 6D, EV 98.8 MPH)
|
Batting: RHB Joseph Disepolo
|
0-0: Fly out, F6 (Popup, 6M, EV 65.6 MPH)
|
Bottom of the 1st over - 0 runs, 0 hits, 0 errors, 0 left on base; Pittsburgh 0 - Chicago 0 |
TOP OF THE 2ND |
Pittsburgh Pirates batting - Pitching for Chicago White Sox : RHP Adam Ratcliff
|
Batting: LHB Josh Cook
|
0-0: Called Strike 0-1: Ground out 4-3 (Groundball, 4, EV 106.9 MPH)
|
Batting: RHB Adam Burke
|
0-0: SINGLE (Line Drive, 8RS, EV 95.6 MPH)
|
Batting: SHB Brad Day
|
0-0: Swinging Strike 0-1: Ball 1-1: Called Strike 1-2: Ball 2-2: Strikes out swinging
|
Batting: LHB Davey Schonewille
|
0-0: Ball 1-0: Fielders Choice at 2nd, 5-4 (Groundball, 56, EV 106.9 MPH)
|
Top of the 2nd over - 0 runs, 1 hit, 0 errors, 1 left on base; Pittsburgh 0 - Chicago 0 |
BOTTOM OF THE 2ND |
Chicago White Sox batting - Pitching for Pittsburgh Pirates : LHP Felix Bernal
|
Batting: LHB Randy Rosenberry
|
0-0: Swinging Strike 0-1: Ball 1-1: Called Strike 1-2: Strikes out swinging
|
Batting: RHB Leo Navarro
|
0-0: Ball 1-0: Swinging Strike 1-1: Swinging Strike 1-2: Strikes out swinging
|
Batting: RHB Chris Cooper
|
0-0: Ball 1-0: Ground out U3 (Groundball, 3, EV 85.0 MPH)
|
Bottom of the 2nd over - 0 runs, 0 hits, 0 errors, 0 left on base; Pittsburgh 0 - Chicago 0 |
TOP OF THE 3RD |
Pittsburgh Pirates batting - Pitching for Chicago White Sox : RHP Adam Ratcliff
|
Batting: SHB Trevor Weareorwear
|
0-0: Ball 1-0: Ball 2-0: Swinging Strike 2-1: Swinging Strike 2-2: Foul Ball, location: 2F 2-2: Ball 3-2: Base on Balls
|
Batting: LHB Micah Boshnjaku
|
0-0: Called Strike 0-1: Called Strike 0-2: Ball 1-2: Strikes out swinging
|
Batting: RHB Raul Mendoza
|
0-0: Foul Ball, location: 2F 0-1: Ball 1-1: Fly out, F5 (Popup, 15, EV 84.4 MPH)
|
Batting: RHB Mike Bates
|
0-0: Foul Ball, location: 2F 0-1: Ball 1-1: Called Strike 1-2: Ball 2-2: SINGLE (Line Drive, 5D, EV 105.6 MPH) Trevor Weareorwear to second Runner from 2nd tries for 3rd, SAFE, throw by LF made to third
|
Batting: RHB David Contreras
|
0-0: Called Strike 0-1: Called Strike 0-2: Foul Ball, location: 2F 0-2: Strikes out swinging
|
Top of the 3rd over - 0 runs, 1 hit, 0 errors, 2 left on base; Pittsburgh 0 - Chicago 0 |
BOTTOM OF THE 3RD |
Chicago White Sox batting - Pitching for Pittsburgh Pirates : LHP Felix Bernal
|
Batting: LHB Jack Christie
|
0-0: Called Strike 0-1: Swinging Strike 0-2: Fly out, F8 (Flyball, 8RXD, EV 85.0 MPH)
|
Batting: RHB Matt Thompson
|
0-0: Called Strike 0-1: Called Strike 0-2: Ball 1-2: Strikes out looking
|
Batting: RHB Brad Boals
|
0-0: Ball 1-0: SINGLE (Groundball, 56D, EV 107.5 MPH)
|
Batting: RHB Steve Castleberry
|
0-0: Called Strike Brad Boals steals 2nd base 0-1: Foul Ball, location: 2F 0-2: Ball 1-2: Ball 2-2: Foul Ball, location: 2F 2-2: Fly out, F8 (Flyball, 78D, EV 90.0 MPH)
|
Bottom of the 3rd over - 0 runs, 1 hit, 0 errors, 1 left on base; Pittsburgh 0 - Chicago 0 |
TOP OF THE 4TH |
Pittsburgh Pirates batting - Pitching for Chicago White Sox : RHP Adam Ratcliff
|
Batting: LHB Josh Cook
|
0-0: Foul Ball, location: 2F 0-1: Foul Ball, location: 2F 0-2: Foul Ball, location: 2F 0-2: Ball 1-2: Foul Ball, location: 2F 1-2: Ball 2-2: Strikes out looking
|
Batting: RHB Adam Burke
|
0-0: Ball 1-0: Fly out, F7 (Line Drive, 7LM, EV 88.1 MPH)
|
Batting: SHB Brad Day
|
0-0: Ball 1-0: Called Strike 1-1: Foul Ball, location: 2F 1-2: Foul Ball, location: 2F 1-2: Strikes out looking
|
Top of the 4th over - 0 runs, 0 hits, 0 errors, 0 left on base; Pittsburgh 0 - Chicago 0 |
BOTTOM OF THE 4TH |
Chicago White Sox batting - Pitching for Pittsburgh Pirates : LHP Felix Bernal
|
Batting: RHB Dieter Knoops
|
0-0: Called Strike 0-1: Ball 1-1: Fly out, F8 (Flyball, 89D, EV 81.9 MPH)
|
Batting: RHB Joseph Disepolo
|
0-0: Called Strike 0-1: Foul Ball, location: 2F 0-2: Ball 1-2: Strikes out swinging
|
Batting: LHB Randy Rosenberry
|
0-0: Ball 1-0: Swinging Strike 1-1: Ball 2-1: Swinging Strike 2-2: SINGLE (Line Drive, 9LS, EV 98.8 MPH)
|
Batting: RHB Leo Navarro
|
0-0: Swinging Strike 0-1: Swinging Strike 0-2: Ball 1-2: Ball 2-2: Foul Ball, location: 2F 2-2: Strikes out looking
|
Bottom of the 4th over - 0 runs, 1 hit, 0 errors, 1 left on base; Pittsburgh 0 - Chicago 0 |
TOP OF THE 5TH |
Pittsburgh Pirates batting - Pitching for Chicago White Sox : RHP Adam Ratcliff
|
Batting: LHB Davey Schonewille
|
0-0: Swinging Strike 0-1: SINGLE (Line Drive, 4D, EV 98.1 MPH)
|
Batting: SHB Trevor Weareorwear
|
0-0: Called Strike Davey Schonewille steals 2nd base 0-1: Ball 1-1: DOUBLE (Line Drive, 9LS, EV 98.1 MPH) Davey Schonewille scores
|
Batting: LHB Micah Boshnjaku
|
0-0: Foul Ball, location: 2F 0-1: Foul Ball, location: 2F 0-2: Fly out, F5 (Popup, 5L, EV 68.8 MPH)
|
Batting: RHB Raul Mendoza
|
0-0: Called Strike 0-1: Called Strike 0-2: Ball 1-2: Strikes out swinging
|
Batting: RHB Mike Bates
|
0-0: Ground out 1-3 (Groundball, 34S, EV 66.9 MPH)
|
Top of the 5th over - 1 run, 2 hits, 0 errors, 1 left on base; Pittsburgh 1 - Chicago 0 |
BOTTOM OF THE 5TH |
Chicago White Sox batting - Pitching for Pittsburgh Pirates : LHP Felix Bernal
|
Batting: RHB Chris Cooper
|
0-0: Foul Ball, location: 2F 0-1: Ball 1-1: Swinging Strike 1-2: Ball 2-2: SINGLE (Groundball, 34D, EV 98.1 MPH)
|
Batting: LHB Jack Christie
|
0-0: Foul Ball, location: 2F 0-1: Ball 1-1: Ball 2-1: Foul Ball, location: 2F 2-2: Strikes out swinging
|
Batting: RHB Matt Thompson
|
0-0: Called Strike 0-1: Swinging Strike 0-2: Ball 1-2: Strikes out swinging
|
Batting: RHB Brad Boals
|
0-0: Foul Ball, location: 2F 0-1: Swinging Strike 0-2: Ball 1-2: Ball 2-2: Foul Ball, location: 2F 2-2: Ball 3-2: SINGLE (Groundball, 6M, EV 103.8 MPH) (infield hit) Chris Cooper to second
|
Batting: RHB Steve Castleberry
|
0-0: Called Strike 0-1: Fly out, F9 (Flyball, 9, EV 85.0 MPH)
|
Bottom of the 5th over - 0 runs, 2 hits, 0 errors, 2 left on base; Pittsburgh 1 - Chicago 0 |
TOP OF THE 6TH |
Pittsburgh Pirates batting - Pitching for Chicago White Sox : RHP Adam Ratcliff
|
Batting: RHB David Contreras
|
0-0: Ball 1-0: Ball 2-0: Called Strike 2-1: Ball 3-1: Fly out, F8 (Flyball, 8RXD, EV 102.5 MPH)
|
Pitching: RHP Elliott Payne
|
|
Batting: LHB Josh Cook
|
0-0: Called Strike 0-1: Foul Ball, location: 2F 0-2: Ball 1-2: Strikes out swinging
|
Batting: RHB Adam Burke
|
0-0: Called Strike 0-1: Ball 1-1: Foul Ball, location: 2F 1-2: Foul Ball, location: 2F 1-2: Foul Ball, location: 2F 1-2: Fly out, F1 (Line Drive, P, EV 63.8 MPH)
|
Top of the 6th over - 0 runs, 0 hits, 0 errors, 0 left on base; Pittsburgh 1 - Chicago 0 |
BOTTOM OF THE 6TH |
Chicago White Sox batting - Pitching for Pittsburgh Pirates : LHP Felix Bernal
|
Batting: RHB Dieter Knoops
|
0-0: Ball 1-0: Ball 2-0: Called Strike 2-1: Ball 3-1: Fly out, F8 (Flyball, 8RD, EV 96.9 MPH)
|
Batting: RHB Joseph Disepolo
|
0-0: Ball 1-0: Ball 2-0: Foul Ball, location: 2F 2-1: DOUBLE (Line Drive, 78XD, EV 108.8 MPH)
|
Batting: LHB Randy Rosenberry
|
0-0: Ball 1-0: Foul Ball, location: 2F 1-1: Swinging Strike 1-2: Foul Ball, location: 2F 1-2: Foul Ball, location: 2F 1-2: Strikes out swinging, 2-3 out at first.
|
Batting: RHB Leo Navarro
|
0-0: Ball 1-0: Fly out, F7 (Line Drive, 7, EV 87.5 MPH)
|
Bottom of the 6th over - 0 runs, 1 hit, 0 errors, 1 left on base; Pittsburgh 1 - Chicago 0 |
TOP OF THE 7TH |
Pittsburgh Pirates batting - Pitching for Chicago White Sox : RHP Elliott Payne
|
Batting: SHB Brad Day
|
0-0: Ball 1-0: Called Strike 1-1: Reached via error on a dropped throw from 3B, E3 (Groundball, 56, EV 100.0 MPH)
|
Batting: LHB Davey Schonewille
|
0-0: Reached on error, E1 (Groundball, 15S, EV 43.8 MPH) Brad Day to second
|
Batting: SHB Trevor Weareorwear
|
0-0: Ball 1-0: Grounds into double play, 6-4-3 (Groundball, 6M, EV 90.0 MPH) Brad Day to third
|
Batting: LHB Micah Boshnjaku
|
0-0: Intentional Walk
|
Batting: RHB Raul Mendoza
|
0-0: Fielders Choice at 2nd, 6-4 (Groundball, 6, EV 95.6 MPH)
|
Top of the 7th over - 0 runs, 0 hits, 2 errors, 2 left on base; Pittsburgh 1 - Chicago 0 |
BOTTOM OF THE 7TH |
Chicago White Sox batting - Pitching for Pittsburgh Pirates : LHP Felix Bernal
|
Batting: RHB Chris Cooper
|
0-0: Foul Ball, location: 2F 0-1: Called Strike 0-2: Fly out, F7 (Flyball, 78M, EV 75.6 MPH)
|
Batting: LHB Jack Christie
|
0-0: Called Strike 0-1: Foul Ball, location: 2F 0-2: Ball 1-2: Ball 2-2: Ball 3-2: Foul Ball, location: 2F 3-2: Foul Ball, location: 2F 3-2: Fly out, F7 (Flyball, 7D, EV 103.8 MPH)
|
Batting: RHB Matt Thompson
|
0-0: Ball 1-0: Called Strike 1-1: Ball 2-1: Called Strike 2-2: Ball 3-2: Strikes out swinging
|
Bottom of the 7th over - 0 runs, 0 hits, 0 errors, 0 left on base; Pittsburgh 1 - Chicago 0 |
TOP OF THE 8TH |
Pittsburgh Pirates batting - Pitching for Chicago White Sox : RHP Elliott Payne
|
Pitching: RHP Riso Profanter
|
|
Batting: RHB Mike Bates
|
0-0: Called Strike 0-1: Swinging Strike 0-2: Fly out, F9 (Flyball, 9, EV 83.8 MPH)
|
Batting: RHB David Contreras
|
0-0: Foul Ball, location: 2F 0-1: Hit by Pitch
|
Batting: LHB Josh Cook
|
0-0: Ball 1-0: Swinging Strike 1-1: Called Strike 1-2: Ball 2-2: Strikes out swinging
|
Batting: RHB Adam Burke
|
0-0: Ball David Contreras is caught stealing 2nd base 2-4
|
Top of the 8th over - 0 runs, 0 hits, 0 errors, 0 left on base; Pittsburgh 1 - Chicago 0 |
BOTTOM OF THE 8TH |
Chicago White Sox batting - Pitching for Pittsburgh Pirates : LHP Felix Bernal
|
Pitching: RHP Josh Markham
|
|
Batting: RHB Brad Boals
|
0-0: Ball 1-0: Ball 2-0: Foul Ball, location: 2F 2-1: Foul Ball, location: 2F 2-2: Foul Ball, location: 2F 2-2: DOUBLE (Flyball, 78XD, EV 94.4 MPH)
|
Batting: RHB Steve Castleberry
|
0-0: Fly out, F8 (Flyball, 8LS, EV 85.6 MPH)
|
Pinch Hitting: SHB Cesar Herrera
|
0-0: Swinging Strike 0-1: Called Strike 0-2: Strikes out swinging
|
Batting: RHB Joseph Disepolo
|
0-0: Called Strike 0-1: Swinging Strike 0-2: SINGLE (Line Drive, 8RS, EV 89.4 MPH) Brad Boals to third Runner from 3rd tries for Home, SAFE, throw by CF to home
|
Pitching: LHP Jimmy Vanthournoutingtonle
|
|
Batting: LHB Randy Rosenberry
|
0-0: Ball 1-0: Called Strike Joseph Disepolo is caught stealing 2nd base 2-6
|
Bottom of the 8th over - 1 run, 2 hits, 0 errors, 0 left on base; Pittsburgh 1 - Chicago 1 |
TOP OF THE 9TH |
Pittsburgh Pirates batting - Pitching for Chicago White Sox : RHP Riso Profanter
|
Now at 3B: Rich Chavez
|
|
Batting: RHB Adam Burke
|
0-0: Fly out, F8 (Line Drive, 8RS, EV 98.8 MPH)
|
Batting: SHB Brad Day
|
0-0: Foul Ball, location: 2F 0-1: Ball 1-1: Reached via error on a dropped throw from 2B, E3 (Groundball, 34, EV 104.4 MPH)
|
Batting: LHB Davey Schonewille
|
0-0: Called Strike 0-1: Ball 1-1: Called Strike 1-2: Foul Ball, location: 2F 1-2: Ball 2-2: Ball Brad Day steals 2nd base (no throw) 3-2: Foul Ball, location: 2F 3-2: SINGLE (Line Drive, 8LS, EV 96.9 MPH) Brad Day to third Runner from 3rd tries for Home, SAFE, throw by CF to home
|
Batting: SHB Trevor Weareorwear
|
0-0: Grounds into double play, 4-6-3 (Groundball, 4M, EV 78.1 MPH)
|
Top of the 9th over - 1 run, 1 hit, 1 error, 0 left on base; Pittsburgh 2 - Chicago 1 |
BOTTOM OF THE 9TH |
Chicago White Sox batting - Pitching for Pittsburgh Pirates : LHP Jimmy Vanthournoutingtonle
|
Batting: LHB Randy Rosenberry
|
0-0: Called Strike 0-1: Swinging Strike 0-2: Foul Ball, location: 2F 0-2: Strikes out looking
|
Batting: RHB Leo Navarro
|
0-0: Ball 1-0: Ground out 6-3 (Groundball, 56S, EV 84.4 MPH)
|
Batting: RHB Chris Cooper
|
0-0: Foul Ball, location: 2F 0-1: Swinging Strike 0-2: Ball 1-2: Ball 2-2: Foul Ball, location: 2F 2-2: Ground out 5-3 (Groundball, 5S, EV 85.0 MPH)
|
Bottom of the 9th over - 0 runs, 0 hits, 0 errors, 0 left on base; Pittsburgh 2 - Chicago 1 |
|